 Dungeon Crawl Stone Soup version 0.29.1-15-g9cfb28693d (webtiles) character file.

Game seed: 5089465339489928572

308 sampeng1 the Chopper (level 6, -1/48 HPs)
             Began as a Human Berserker on Apr 20, 2023.
             Was a Priest of Trog.
             Slain by an orc warrior
             ... wielding a +0 short sword
              (3 damage)
             ... on level 4 of the Dungeon.
             The game lasted 00:16:49 (4566 turns).

sampeng1 the Chopper (Human Berserker)              Turns: 4566, Time: 00:16:49

Health: -1/48      AC:  6    Str: 19    XL:     6   Next: 68%
Magic:  6/6        EV:  8    Int:  8    God:    Trog [***...]
Gold:   221        SH:  7    Dex: 12    Spells: 5/5 levels left

rFire   . . .      SeeInvis .   a - +0 hand axe
rCold   . . .      Faith    .   q - +0 kite shield
rNeg    . . .      Spirit   .   r - +0 scale mail
rPois   .          Reflect  .   (no helmet)
rElec   .          Harm     .   (no cloak)
rCorr   .          Rampage  .   (no gloves)
Will    .....                   (no boots)
Stlth   ..........              (no amulet)
HPRegen 0.16/turn               (no ring)
MPRegen 0.10/turn               (no ring)

@: no status effects
A: no striking features
a: Renounce Religion, Berserk, Trog's Hand


You were on level 4 of the Dungeon.
You worshipped Trog.
Trog was most pleased with you.
You visited 1 branch of the dungeon, and saw 4 of its levels.

You collected 221 gold pieces.

Inventory:

Hand Weapons
 a - a +0 hand axe (weapon)
 d - a +3 dagger
 m - a +1 vampiric dagger
 s - a +2 short sword of holy wrath
Armour
 e - a +0 leather armour
 n - a +0 buckler
 q - a +0 kite shield (worn)
 r - a +0 scale mail (worn)
Jewellery
 o - a ring of wizardry
Wands
 p - a wand of iceblast (7)
Scrolls
 f - 7 scrolls of identify {unknown}
 g - a scroll of fog {unknown}
 h - 2 scrolls of fear {unknown}
 i - a scroll of poison {unknown}
 l - a scroll of magic mapping {unknown}
Potions
 b - a potion of attraction {unknown}
 c - 2 potions of degeneration {unknown}
 j - a potion of curing {unknown}
 k - a potion of ambrosia {unknown}
 t - a potion of mutation {unknown}
 u - a potion of lignification {unknown}


   Skills:
 + Level 3.9 Fighting
 + Level 5.1 Axes
 + Level 2.9 Armour
 + Level 3.0 Dodging
 + Level 0.9 Stealth
 + Level 1.4 Shields


You had 5 spell levels left.
You didn't know any spells.
Your spell library contained the following spells:

 Spells                   Type           Power      Damage    Failure   Level
 Sublimation of Blood     Necr           0%         N/A       100%        2
 Petrify                  Tmut/Erth      0%         N/A       100%        4
 Irradiate                Conj/Tmut      0%         3d11      100%        5


Dungeon Overview and Level Annotations

Branches:
Dungeon (4/15)
 Temple: D:4-7

Altars:


Message History

The orc warrior is lightly wounded.
You closely miss something.
The orc warrior hits you with a +0 short sword.
Something hits you but does no damage.
You barely miss the orc warrior.
The orc warrior is lightly wounded.
You miss something. You block the orc warrior's attack.
Something hits you but does no damage.
You hit the orc warrior but do no damage.
The orc warrior is lightly wounded.
You hit something but do no damage.
The orc warrior hits you with a +0 short sword!
Something hits you but does no damage.
The orc warrior hits you but does no damage.
Something hits you. Something hits you. The orc warrior completely misses you.
The orc warrior attacks as you move away!
The orc warrior hits you with a +0 short sword!
* * * LOW HITPOINT WARNING * * *
Items here: ( )) [ รท.
The orc warrior attacks as you move away!
You block the orc warrior's attack.
You barely miss the orc warrior.
The orc warrior is lightly wounded.
You block the orc warrior's attack.
You hit the orc warrior but do no damage.
The orc warrior is lightly wounded.
The orc warrior hits you with a +0 short sword.
* * * LOW HITPOINT WARNING * * *
You hit the orc warrior.
The orc warrior is moderately wounded.
You block the orc warrior's attack.
The orc warrior hits you but does no damage.
You hit the orc warrior but do no damage.
The orc warrior is moderately wounded.
You block the orc warrior's attack.
You barely miss the orc warrior.
The orc warrior is lightly wounded.
The orc warrior hits you with a +0 short sword.
You die...

. #### .. ...######
########### #..####......#
#.##......#
##...........#####.##......#
.............+.....##......#
#............#####.##......#
#............o.o@..........+
##...##..:..)o#######......#
#.. #..[....# ######## ##
#######o# ... :.... #......
#....... ##.......


You could see an orc warrior and 2 orcs.

Vanquished Creatures
  A phantom (D:4)
  An orc priest (D:3)
  Natasha (thrice) (D:3)
  3 adders
  A worm (D:4)
  2 dart slugs (D:2)
  5 orcs
  7 bats
  9 endoplasms
  4 giant cockroaches
  14 goblins
  12 hobgoblins
  7 jackals (D:1)
  3 quokkas
  5 ball pythons
  4 frilled lizards
  3 kobolds
  2 rats
86 creatures vanquished.

Vanquished Creatures (others)
  2 fungi (D:1)
2 creatures vanquished.

Grand Total: 88 creatures vanquished

Notes
Turn   | Place    | Note
-------+----------+-------------------------------------------
     0 | D:1      | sampeng1 the Human Berserker began the quest for the Orb.
     0 | D:1      | Reached XP level 1. HP: 18/18 MP: 1/1
    86 | D:1      | Found a faded altar of an unknown god.
   573 | D:1      | Reached XP level 2. HP: 23/24 MP: 2/2
  1214 | D:1      | Reached XP level 3. HP: 29/29 MP: 3/3
  1823 | D:2      | Reached ** piety under Trog
  2220 | D:2      | Reached XP level 4. HP: 35/35 MP: 4/4
  2573 | D:2      | Reached skill level 4 in Axes
  2987 | D:3      | Reached XP level 5. HP: 32/41 MP: 5/5
  3040 | D:3      | HP: 1/41 [something (2)]
  3414 | D:3      | Noticed Natasha
  3433 | D:3      | Killed Natasha
  3609 | D:3      | Noticed Natasha
  3624 | D:3      | Killed Natasha
  3804 | D:3      | Reached XP level 6. HP: 45/48 MP: 6/6
  3819 | D:3      | Reached *** piety under Trog
  3941 | D:3      | Noticed Natasha
  3964 | D:3      | HP: 2/48 [Natasha/magic dart (6)]
  3966 | D:3      | Killed Natasha
  4270 | D:4      | Reached skill level 5 in Axes
  4270 | D:4      | Reached skill level 1 in Shields
  4545 | D:4      | Noticed an orc warrior
  4563 | D:4      | HP: 1/48 [orc warrior/+0 short sword (5)]
  4566 | D:4      | Slain by an orc warrior

Illustrated notes

Levels and vault maps discovered:
D:1:      wander_arrival_fairy_ring, layout_basic,
          hellmonk_ecumenical_altar_dog_temple
D:2:      layout_loops_ring
D:3:      cheibrodos_greedy_goblins, layout_rooms, uniq_natasha
D:4:      layout_basic

Skill      XL: |  1  2  3  4  5  6 |
---------------+-------------------+-----
Axes           | 4 5 |  5.1
Dodging        | 3 |  3.0
Shields        | 1 |  1.4
Fighting       | |  3.9
Armour         | |  2.9
Stealth        | |  0.9

Action                   |  1- 3 |  4- 6 || total
-------------------------+-------+-------++-------
Melee: Hand axe          |   107 |   204 ||   311
       Mace              |     3 |       ||     3
  Use: Potion            |       |     1 ||     1
 Stab: Sleeping          |     1 |     1 ||     2
Armor: Animal skin       |     5 |       ||     5
       Leather armour    |    17 |    16 ||    33
       Scale mail        |       |    74 ||    74
Dodge: Dodged            |    85 |   110 ||   195
Block: Kite shield       |       |    57 ||    57
       Buckler           |       |     3 ||     3
